 Dungeon Sprint DCSS version 0.30.1-11-g7821555f0a (webtiles) character file.

Game seed: 41095251940621909

5300000 DiggyJ the Conqueror (level 22, -10/212 HPs)
             Began as a Demonspawn Berserker on Jan 8, 2024.
             Was the Champion of Trog.
             Mangled by a bag of meat
             ... wielding a +9 war axe
              (28 damage)
             ... in the Dungeon (Sprint VIII: "Arena of Blood").
             The game lasted 00:03:56 (53 turns).

DiggyJ the Conqueror (Demonspawn Berserker)           Turns: 53, Time: 00:03:57

Health: -10/212    AC:  8    Str: 26    XL:     22   Next: 16%
Magic:  35/37      EV: 30    Int: 11    God:    Trog [******]
Gold:   0          SH:  0    Dex: 13    Spells: 21/21 levels left

rFire   . . .        h - +∞ Axe of Woe
rCold   + . .        (shield currently unavailable)
rNeg    . . .        a - +0 animal skin
rPois   .            (helmet unavailable)
rElec   .            (no cloak)
rCorr   .            (no gloves)
SInv    .            (no boots)
Will    ++...        (no amulet)
Stlth   +++++++++    (no ring)
HPRegen 8.55/turn    (no ring)
MPRegen 0.25/turn

%: no teleportation
@: agile, hasted, very quick
A: horns 3, icy blue scales 3, powered by death 1, powered by pain 3, demonic
willpower
a: Renounce Religion, Berserk, Trog's Hand, Brothers in Arms


You were in the Dungeon.
You worshipped Trog.
Trog was exalted by your worship.
You visited 1 branch

Inventory:

Hand Weapons
 h - the +∞ Axe of Woe (weapon)
   (You found it in the Dungeon)
Armour
 a - a +0 animal skin (worn)
Potions
 b - a potion of curing
 e - 2 potions of magic
 f - a potion of berserk rage


   Skills:
 O Level 27 Fighting
 + Level 18.1(20.8) Short Blades
 + Level 17.5(20.6) Long Blades
 O Level 27 Axes
 + Level 17.5(26.1) Maces & Flails
 + Level 17.5(26.1) Polearms
 + Level 17.5(22.8) Staves
 + Level 17.5 Ranged Weapons
 + Level 17.5 Throwing
 O Level 27 Armour
 O Level 27 Dodging
 O Level 27 Stealth
 + Level 17.5 Shields
 O Level 27 Unarmed Combat
 + Level 23.8 Invocations
 + Level 18.9 Evocations


You had 21 spell levels left.
You didn't know any spells.
Your spell library was empty.

Dungeon Overview and Level Annotations

Branches:
Dungeon (1/1)

Altars:
Makhleb

Annotations:
D The Servant


Innate Abilities, Weirdness & Mutations

You have a pair of large horns on your head.
You are completely covered in icy blue scales. (AC +4, rC+)
You regenerate a little health from kills.
You are powered by pain.
You punish those that try to bend your will. (Will+)


Message History

Flame seeps out of the large bag of meat.
You hew the large bag of meat savagely.
Trog accepts your kill.
The large bag of meat explodes!
The fiery explosion engulfs you!!!
* * * LOW HITPOINT WARNING * * *
You focus on the pain.
You feel your power returning.
The fiery explosion engulfs the bag of meat!!
You feel extremely nervous for a moment...
Your body is wracked with pain!
* * * LOW HITPOINT WARNING * * *
You are engulfed in blazing flames.
* * * LOW HITPOINT WARNING * * *
You hear a shout! x4
The Servant completely misses you.
You hear a shout! x2
The meat berserker rages.
Your base Short Blades skill gained 2 levels and is now at level 18!
Your base Long Blades skill gained 2 levels and is now at level 17!
Your base Maces & Flails skill gained 2 levels and is now at level 17!
Your base Polearms skill gained 2 levels and is now at level 17!
Your base Staves skill gained 2 levels and is now at level 17!
Your Ranged Weapons skill gained 2 levels and is now at level 17!
Your Throwing skill gained 2 levels and is now at level 17!
Your Shields skill gained 2 levels and is now at level 17!
Your Invocations skill gained 2 levels and is now at level 23!
Your Evocations skill increases to level 18!
You have reached level 22!
Blink to where?
Press: ? - help, Q - select action, (/) - cycle Dir - move target 3 bags of meat come into view.
As you read the scroll of blinking, it crumbles to dust.
The bag of meat shouts!
The destroyer casts a spell at you.
The destroyer blinks!
You hear a shout! x5
The bag of meat hits you with a +9 war axe!
* * * LOW HITPOINT WARNING * * *
The bag of meat hits you with a +9 war axe!!
You die...

....####.....z.
......................o..
.....................#D..
.............o...........
..oo.................#...
#.V.O...#............o..
#...z...#.o....)))..##..
.###...O.))###ooo)))D...o..
......###...)..@o)oo).###..
....M._..)§§ooo)oz....V...
..#.....#§Vooooo#.#......
#_.<._#§§O.o.Vo........
#.....#.@).o.#.#.#.....
......_...§)...........O.o
......###.....Vz..#.#.#..#.
.###.. ....###.XL.......#.
#.......# .X..X......


You could see a tyrant, The Servant, an eight-headed meat hydra, 3 destroyers, 2
sculptors of flesh, a large abomination (summoned), a meat berserker (berserk)
and 20 bags of meat.

Vanquished Creatures
  A royal mummy (D)
  4 vampire knights (D)
  15 ogres (D)
  A two-headed ogre (D)
  26 orcs (D)
  2 skeletal warriors (D)
49 creatures vanquished.

Notes
Turn   | Place    | Note
-------+----------+-------------------------------------------
     0 | D        | Found the +∞ Axe of Woe
     0 | D        | DiggyJ the Demonspawn Berserker began the quest for the
                  | Orb.
     0 | D        | Reached XP level 1. HP: 18/18 MP: 1/1
     2 | D        | Noticed a bag of meat
     2 | D        | Noticed a bag of meat
     4 | D        | Noticed a bag of meat
     5 | D        | Noticed a bag of meat
     8 | D        | Killed a bag of meat
     8 | D        | Noticed a meat berserker
     8 | D        | Noticed a bag of meat
     8 | D        | Noticed a bag of meat
     9 | D        | Reached skill level 15 in Unarmed Combat
     9 | D        | Gained mutation: You sometimes gain a little power by
                  | taking damage. [demonic ancestry]
     9 | D        | Reached XP level 2. HP: 35/46 MP: 2/2
     9 | D        | Gained mutation: You sometimes gain power by taking damage.
                  | [demonic ancestry]
     9 | D        | Reached XP level 3. HP: 39/52 MP: 3/3
     9 | D        | Reached XP level 4. HP: 45/59 MP: 4/4
     9 | D        | Reached XP level 5. HP: 49/65 MP: 5/5
     9 | D        | Reached XP level 6. HP: 54/72 MP: 6/6
     9 | D        | Gained mutation: You are partially covered in icy blue
                  | scales. (AC +2) [demonic ancestry]
     9 | D        | Reached XP level 7. HP: 60/79 MP: 7/7
     9 | D        | Reached XP level 8. HP: 65/86 MP: 8/8
     9 | D        | Gained mutation: You are mostly covered in icy blue scales.
                  | (AC +3) [demonic ancestry]
     9 | D        | Reached XP level 9. HP: 70/92 MP: 9/9
     9 | D        | Reached XP level 10. HP: 75/99 MP: 10/10
     9 | D        | Killed a bag of meat
     9 | D        | Reached ** piety under Trog
     9 | D        | Noticed a meat berserker
     9 | D        | Noticed a meat berserker
    10 | D        | Reached XP level 11. HP: 84/110 MP: 11/11
    10 | D        | Noticed a meat berserker
    10 | D        | Noticed a meat berserker
    11 | D        | Noticed a bag of meat
    12 | D        | Killed a meat berserker
    13 | D        | Reached skill level 10 in Dodging
    13 | D        | Gained mutation: You have a pair of small horns on your
                  | head. [demonic ancestry]
    13 | D        | Reached XP level 12. HP: 80/124 MP: 12/12
    13 | D        | Reached XP level 13. HP: 84/130 MP: 13/13
    13 | D        | Killed a meat berserker
    13 | D        | Killed a bag of meat
    13 | D        | Reached *** piety under Trog
    13 | D        | Noticed a bag of meat
    14 | D        | Gained mutation: You are powered by pain. [demonic
                  | ancestry]
    14 | D        | Reached XP level 14. HP: 93/144 MP: 14/14
    14 | D        | Killed a meat berserker
    14 | D        | Killed a bag of meat
    14 | D        | Noticed a bag of meat
    15 | D        | Killed a meat berserker
    15 | D        | Killed a bag of meat
    15 | D        | Reached **** piety under Trog
    15 | D        | Killed a meat berserker
    16 | D        | Reached skill level 27 in Fighting
    16 | D        | Reached skill level 15 in Axes
    16 | D        | Reached skill level 15 in Armour
    16 | D        | Reached skill level 15 in Dodging
    16 | D        | Gained mutation: You regenerate a little health from kills.
                  | [demonic ancestry]
    16 | D        | Reached XP level 15. HP: 104/159 MP: 15/15
    16 | D        | Noticed a destroyer
    18 | D        | Reached skill level 27 in Unarmed Combat
    18 | D        | Gained mutation: You punish those that try to bend your
                  | will. (Will+) [demonic ancestry]
    18 | D        | Reached XP level 16. HP: 110/167 MP: 16/16
    20 | D        | Noticed a meat berserker
    20 | D        | Reached ***** piety under Trog
    20 | D        | Noticed a meat berserker
    21 | D        | Noticed a meat berserker
    21 | D        | Noticed a meat berserker
    21 | D        | Noticed a destroyer
    21 | D        | Noticed a meat berserker
    23 | D        | Noticed a meat berserker
    23 | D        | Noticed a meat berserker
    25 | D        | Killed a meat berserker
    25 | D        | Killed a destroyer
    26 | D        | Gained mutation: You have a pair of horns on your head.
                  | [demonic ancestry]
    26 | D        | Reached XP level 17. HP: 142/174 MP: 17/17
    26 | D        | Killed a meat berserker
    26 | D        | Received a gift from Trog
    26 | D        | Killed a meat berserker
    27 | D        | Reached skill level 27 in Axes
    28 | D        | Noticed a meat berserker
    28 | D        | Noticed a destroyer
    28 | D        | Killed a meat berserker
    28 | D        | Reached ****** piety under Trog
    29 | D        | Reached skill level 27 in Dodging
    29 | D        | Gained mutation: You have a pair of large horns on your
                  | head. [demonic ancestry]
    29 | D        | Reached XP level 18. HP: 118/182 MP: 18/18
    29 | D        | Killed a meat berserker
    29 | D        | Received a gift from Trog
    30 | D        | Reached skill level 27 in Armour
    30 | D        | Killed a meat berserker
    30 | D        | Killed a meat berserker
    31 | D        | Reached XP level 19. HP: 128/189 MP: 18/27
    31 | D        | Noticed a destroyer
    32 | D        | Received a gift from Trog
    33 | D        | Reached skill level 10 in Short Blades
    33 | D        | Reached skill level 10 in Stealth
    33 | D        | Reached skill level 10 in Evocations
    34 | D        | Killed a destroyer
    35 | D        | Reached skill level 10 in Long Blades
    35 | D        | Reached skill level 10 in Maces & Flails
    35 | D        | Reached skill level 10 in Polearms
    35 | D        | Reached skill level 10 in Staves
    35 | D        | Reached skill level 10 in Ranged Weapons
    35 | D        | Reached skill level 10 in Throwing
    35 | D        | Reached skill level 10 in Shields
    35 | D        | Reached skill level 15 in Invocations
    35 | D        | Noticed a large bag of meat
    35 | D        | Noticed an eight-headed meat hydra
    35 | D        | Noticed a meat berserker
    35 | D        | HP: 7/189 [meat berserker/+9 battleaxe (37)]
    36 | D        | Killed a destroyer
    36 | D        | Killed a meat berserker
    36 | D        | Received a gift from Trog
    37 | D        | Gained mutation: You are completely covered in icy blue
                  | scales. (AC +4, rC+) [demonic ancestry]
    37 | D        | Reached XP level 20. HP: 12/197 MP: 30/33
    37 | D        | Received a gift from Trog
    38 | D        | Reached skill level 15 in Short Blades
    38 | D        | Reached skill level 15 in Stealth
    38 | D        | Reached skill level 15 in Evocations
    38 | D        | Noticed a destroyer
    40 | D        | Noticed a meat berserker
    41 | D        | Noticed a destroyer
    41 | D        | Noticed The Servant
    41 | D        | Noticed a meat berserker
    45 | D        | Killed a meat berserker
    46 | D        | Reached XP level 21. HP: 64/204 MP: 31/35
    48 | D        | Noticed a large bag of meat
    48 | D        | Noticed a tyrant
    49 | D        | Killed a destroyer
    49 | D        | Received a gift from Trog
    49 | D        | Noticed a destroyer
    50 | D        | Reached skill level 27 in Stealth
    50 | D        | Noticed a destroyer
    50 | D        | Noticed an accursed
    52 | D        | Reached skill level 15 in Long Blades
    52 | D        | Reached skill level 15 in Maces & Flails
    52 | D        | Reached skill level 15 in Polearms
    52 | D        | Reached skill level 15 in Staves
    52 | D        | Reached skill level 15 in Ranged Weapons
    52 | D        | Reached skill level 15 in Throwing
    52 | D        | Reached skill level 15 in Shields
    52 | D        | Noticed an accursed
    52 | D        | Killed an accursed
    52 | D        | Killed a large bag of meat
    53 | D        | Reached XP level 22. HP: 22/212 MP: 35/37
    53 | D        | Mangled by a bag of meat

Illustrated notes

Levels and vault maps discovered:
D:        meatsprint

Skill      XL: |  1  2  3  4  5  6  7  8  9 10 11 12 13 14 15 16 17 18 19 20 21 |
---------------+----------------------------------------------------------------+-----
Fighting       | 16 18 21 23 27 | 27.0
Axes           | 3 4 6 9 15 16 26 27 | 27.0
Armour         | 8 9 11 12 15 19 26 27 | 27.0
Dodging        | 8 9 10 12 15 20 27 | 27.0
Unarmed Combat | 15 17 19 22 26 27 | 27.0
Short Blades   | 8 14 15 18 | 18.1
Long Blades    | 8 13 14 17 | 17.5
Maces & Flails | 8 13 14 17 | 17.5
Polearms       | 8 13 14 17 | 17.5
Staves         | 8 13 14 17 | 17.5
Ranged Weapons | 8 13 14 17 | 17.5
Throwing       | 8 13 14 17 | 17.5
Stealth        | 8 14 21 27 | 27.0
Shields        | 8 13 14 17 | 17.5
Invocations    | 11 18 20 23 | 23.8
Evocations     | 8 14 15 18 | 18.9

Action                     |  1- 3 |  4- 6 |  7- 9 | 10-12 | 13-15 | 16-18 | 19-21 | 22-24 || total
---------------------------+-------+-------+-------+-------+-------+-------+-------+-------++-------
  Melee: Executioner's axe |     1 |       |       |     2 |     4 |     7 |     9 |       ||    23
    Use: Potion            |     1 |       |       |       |       |     1 |       |       ||     2
         Scroll            |       |       |       |       |       |       |       |     1 ||     1
 Armour: Animal skin       |       |       |       |       |       |       |     1 |       ||     1
  Dodge: Dodged            |       |       |       |       |     2 |     1 |     1 |       ||     4
